 Dungeon Crawl Stone Soup version 0.29.0-11-gd7f09526c8 (webtiles) character file.

Game seed: 7464588445417228084

7 SnakkuSnakku7 the Sneak (level 2, -9/24 HPs)
             Began as a Human Delver on Sept 7, 2022.
             Killed from afar by an orc wizard (12 damage)
             ... with a puff of flame
             ... on level 4 of the Dungeon.
             The game lasted 00:01:10 (440 turns).

SnakkuSnakku7 the Sneak (Human Delver)               Turns: 440, Time: 00:01:10

Health: -9/24      AC:  3    Str: 12    XL:     2   Next: 5%
Magic:  2/2        EV: 12    Int: 10    God:
Gold:   42         SH:  0    Dex: 14    Spells: 1/1 levels left

rFire   . . .      SeeInvis .   a - +0 spear
rCold   . . .      Faith    .   (no shield)
rNeg    . . .      Spirit   .   b - +0 leather armour
rPois   .          Reflect  .   (no helmet)
rElec   .          Harm     .   (no cloak)
rCorr   .          Rampage  .   (no gloves)
Will    .....                   (no boots)
Stlth   +++.......              (no amulet)
HPRegen 0.08/turn               (no ring)
MPRegen 0.08/turn               (no ring)

@: hasted, very quick
A: no striking features
a: no special abilities


You were on level 4 of the Dungeon.
You visited 1 branch of the dungeon, and saw 2 of its levels.

You collected 42 gold pieces.

Inventory:

Hand Weapons
 a - a +0 spear (weapon)
Armour
 b - a +0 leather armour (worn)
 h - a +0 scale mail
Wands
 g - a wand of digging (2)
Scrolls
 c - a scroll of fog
 d - a scroll of magic mapping


   Skills:
 + Level 3.5 Fighting
 - Level 2.0 Polearms
 - Level 2.0 Dodging
 - Level 5.0 Stealth


You had one spell level left.
You didn't know any spells.
Your spell library was empty.

Dungeon Overview and Level Annotations

Branches:
Dungeon (5/15)             Temple (0/1) D:4

Altars:


Message History

You assume a fearsome visage.
The adder looks frightened!
The orc looks frightened!
Found a scroll labelled ILIOHACS GIET.
A jelly comes into view.
Found 3 scrolls labelled MYRYCV URGHAPE.
You start resting.
An orc wizard is nearby!
Found a ruby potion.
Found a staircase to the Ecumenical Temple.
The orc wizard shouts!
You hear a shout!
The jelly quivers.
The orc wizard points at you and mumbles some strange words.
You are confused.
You bump into the rock wall.
You bump into the rock wall.
An iguana comes into view.
The orc wizard hits you with a +0 dagger.
You feel less confused.
A kobold comes into view. It is wielding a +2 dagger of speed.
Unknown command.
The orc wizard attacks as you move away!
The orc wizard hits you with a +0 dagger.
* * * LOW HITPOINT WARNING * * *
The orc wizard hits you with a +0 dagger.
* * * LOW HITPOINT WARNING * * *
Okay, then.
As you read the scroll labelled NOIPHEKIEM, it crumbles to dust.
You hear a loud clanging noise!
It was a scroll of noise.
You hear an angry hiss.
You hear a shout! x2; You hear an angry hiss.
The orc wizard points at you and mumbles some strange words.
The puff of flame hits you.
* * * LOW HITPOINT WARNING * * *
You feel yourself speed up. The orc wizard completely misses you.
The orc wizard casts a spell at you. You resist with significant effort.
The orc wizard casts a spell at you. The puff of flame hits you!
Ouch! That really hurt!
You die...

######.# #.. #.# #..
#.# ### #.# #
#.###### #.##....
#.#.###.
#.############..## ##
#...@...........#
......###..#####.#.##
####. #...o.##.##.#
..
.###..##.##.###)).#
## ......##J##.# ###S
#####.......#
####K#### #.#####
##l....#


You could see an orc wizard.

Vanquished Creatures
  2 orcs (D:4)
  A hobgoblin (D:4)
  A quokka (D:5)
4 creatures vanquished.

Notes
Turn   | Place    | Note
-------+----------+-------------------------------------------
     0 | D:5      | SnakkuSnakku7 the Human Delver began the quest for the Orb.
     0 | D:5      | Reached XP level 1. HP: 18/18 MP: 1/1
    14 | D:5      | Noticed a hornet
    16 | D:5      | Noticed a phantom
    62 | D:5      | Noticed a scorpion
   322 | D:4      | Noticed an orc wizard
   365 | D:4      | Reached XP level 2. HP: 14/24 MP: 2/2
   422 | D:4      | Found a staircase to the Ecumenical Temple.
   440 | D:4      | Killed from afar by an orc wizard

Illustrated notes

Levels and vault maps discovered:
D:4:      layout_loops_cross, worldfamousw_hep_ancestral_shrine,
          minmay_temple_entry_large_hall, serial_shops, kennysheep_mini_moat
D:5:      corexii_shantytown, layout_loops_ring, okawaru_ov_weapons_minmay,
          mainiacjoe_overflow_divided_tiny, grunt_decor_resistance

Action                   || total
-------------------------++-------
Melee: Spear             ||    19
Evoke: Wand              ||     1
  Use: Scroll            ||     3
       Potion            ||     1
 Stab: Sleeping          ||     2
Armor: Leather armour    ||     3
Dodge: Dodged            ||    13
